 Dungeon Sprint DCSS version 0.26-a0-651-gb41185065b (webtiles) character file.

Game seed: 4815298500320463866

110 Conn the Magician (level 4, -1/25 HPs)
             Began as a Deep Elf Arcane Marksman on Sept 29, 2020.
             Slain by Sigmund
             ... wielding a +0 scythe
              (13 damage)
             ... in the Dungeon (Sprint I: "Red Sonja").
             The game lasted 00:08:29 (438 turns).

Conn the Magician (Deep Elf Arcane Marksman)         Turns: 438, Time: 00:08:30

Health: -1/25      AC:  2    Str:  8    XL:     4   Next: 61%
Magic:  2/15       EV: 15    Int: 18    God:
Gold:   54         SH:  0    Dex: 15    Spells: 0/17 levels left

rFire    . . .     SeeInvis .   (no weapon)
rCold    . . .     Faith    .   (no shield)
rNeg     . . .     Spirit   .   a - +0 robe
rPois    .         Reflect  .   (no helmet)
rElec    .         Harm     .   (no cloak)
rCorr    .         Rampage  .   (no gloves)
MR       .....     NoTele   +   (no boots)
Stlth    ++........             (no amulet)
HPRegen  0.08/turn              (no ring)
MPRegen  0.14/turn              (no ring)

@: no status effects
A: no striking features
a: no special abilities


You were in the Dungeon.
You visited 1 branch You collected 54 gold pieces.

Inventory:

Armour
 a - a +0 robe (worn)
Scrolls
 j - a scroll of blinking
Potions
 h - 2 potions of magic


   Skills:
 + Level 1.1 Fighting
 + Level 5.5 Throwing
 + Level 5.6 Dodging
 + Level 3.1 Stealth
 * Level 7.2 Spellcasting
 + Level 4.0 Hexes


You couldn't memorise any spells.
You knew the following spells:

 Your Spells              Type           Power        Failure   Level
a - Corona                Hex            ###....      1%          1
b - Slow                  Hex            ###.....     3%          2
c - Inner Flame           Hex/Fire       ##......     14%         3
d - Portal Projectile     Hex/Tloc       ##....       14%         3
e - Cause Fear            Hex            ###.......   21%         4
f - Leda's Liquefaction   Hex/Erth       ##........   43%         4

Your spell library contained the following spells:

 Spells                   Type           Power        Failure   Level


Dungeon Overview and Level Annotations

Branches:
Dungeon (1/1)

Altars:

Annotations:
D Sigmund


Message History

Press: ? - help, Shift-Dir - straight line, f/p - Sigmund
Aim: Sigmund, wielding a +0 scythe and wearing a +0 robe (almost dead, slightly transparent, slow, softly glowing)
You throw a throwing net.
The throwing net closely misses Sigmund.
Unknown command.
Okay, then.
Unknown command.
Unknown command.
Sorry, you're not good enough to have a special ability.
Okay, then.
Sigmund stops glowing and disappears.
Casting: Portal Projectile (quite dangerous; 14% risk of failure)
Confirm with . or Enter, or press ? or * to list all spells.
Press: ? - help, Shift-Dir - straight line Nothing appears to happen.
Something hits you!
* * * LOW HITPOINT WARNING * * *
You feel better.
You miss something. Something hits you!
Ouch! That really hurt!
You die...

#############
#<.#.)'..#..+
#.['..#..{@.#
#..#####(####
#..# #..#
#..# ####
#..# #⌠⌠#
####


There were no monsters in sight!

Vanquished Creatures
  An ogre (D)
  Ijyb (D)
2 creatures vanquished.

Notes
Turn   | Place    | Note
-------+----------+-------------------------------------------
     0 | D        | Conn the Deep Elf Arcane Marksman began the quest for the
                  | Orb.
     0 | D        | Reached XP level 1. HP: 11/11 MP: 5/5
     1 | D        | Noticed Ijyb
    23 | D        | Killed Ijyb
    23 | D        | Reached skill level 1 in Stealth
    23 | D        | Reached skill level 4 in Spellcasting
    23 | D        | Reached XP level 2. HP: 4/16 MP: 5/9
   271 | D        | Learned a level 2 spell: Slow
   274 | D        | Noticed an ogre
   306 | D        | Killed an ogre
   306 | D        | Reached skill level 1 in Fighting
   306 | D        | Reached skill level 5 in Throwing
   306 | D        | Reached skill level 5 in Dodging
   306 | D        | Reached skill level 7 in Spellcasting
   306 | D        | Reached XP level 3. HP: 20/20 MP: 7/13
   306 | D        | Reached XP level 4. HP: 25/25 MP: 8/15
   364 | D        | Learned a level 3 spell: Inner Flame
   368 | D        | Learned a level 3 spell: Portal Projectile
   373 | D        | Learned a level 4 spell: Cause Fear
   378 | D        | Learned a level 4 spell: Leda's Liquefaction
   382 | D        | Noticed Sigmund
   438 | D        | Slain by Sigmund

Illustrated notes

Levels and vault maps discovered:
D:        dungeon_sprint_1 [red_sonja_temple_1, red_sonja_temple_small_1]

Skill      XL: |  1  2 |
---------------+-------+-----
Throwing       | 3 5 |  5.5
Dodging        | 4 5 |  5.6
Stealth        | 1 3 |  3.1
Spellcasting   | 4 7 |  7.2
Fighting       | 1 |  1.1
Hexes          | |  4.0

Action                   |  1- 3 |  4- 6 || total
-------------------------+-------+-------++-------
Melee: Unarmed           |    14 |     1 ||    15
Throw: Javelin           |    12 |     8 ||    20
       Throwing net      |     1 |     2 ||     3
 Cast: Corona            |     3 |     4 ||     7
       Slow              |     1 |     2 ||     3
       Portal Projectile |       |     2 ||     2
  Use: Potion            |     2 |     2 ||     4
 Stab: Held in net/web   |     1 |       ||     1
Armor: Robe              |     3 |       ||     3
Dodge: Dodged            |     6 |     7 ||    13

Table legend: (Time is in decaauts)
 A = Elapsed time spent in this place.
 B = Non-inter-level travel time spent in this place.
 C = Inter-level travel time spent in this place.
 D = Time resting spent in this place.
 E = Time spent auto-exploring this place.
 F = Levels seen in this place.
 G = Mean time per level.
                   A        B        C        D        E       F      G
               +--------+--------+--------+--------+--------+-----+--------+
         Total |    432 |    432 |      0 |    276 |      0 |   1 |  432.0 |
       Dungeon |    432 |    432 |      0 |    276 |      0 |   1 |  432.0 |
               +--------+--------+--------+--------+--------+-----+--------+

Top non-repeatable levels by time:
       D: 432 daAuts
